 Dungeon Crawl Stone Soup version 0.21.0-24-g2553a33 (webtiles) character file.

78 Faca the Shooter (level 4, -1/38 HPs)
             Began as a Centaur Hunter on Jan 19, 2018.
             Killed from afar by an orc wizard (9 damage)
             ... with a puff of flame
             ... on level 3 of the Dungeon.
             The game lasted 00:03:17 (2933 turns).

Faca the Shooter (Centaur Hunter)                   Turns: 2933, Time: 00:03:18

Health: -1/38      AC:  4    Str: 15    XL:     4   Next: 15%
Magic:  4/4        EV:  9    Int: 10    God:
Gold:   92         SH:  0    Dex: 10    Spells: 3/3 levels left

rFire    . . .     SeeInvis .   b - +0 short sword
rCold    . . .     Gourm    .   (no shield)
rNeg     . . .     Faith    .   c - +0 leather armour
rPois    .         Spirit   .   (no helmet)
rElec    .         Reflect  .   (no cloak)
rCorr    .         Harm     .   (no gloves)
MR       .....                  (no barding)
Stlth    +.........             (no amulet)
HPRegen  0.12/turn              (no ring)
MPRegen  0.09/turn              (no ring)

@: very quick
A: large, hooves 3, deformed body, speed 2, tough skin 3
a: no special abilities


You were on level 3 of the Dungeon.
You were not hungry.

You visited 1 branch of the dungeon, and saw 3 of its levels.

You collected 92 gold pieces.

Inventory:

Hand Weapons
 a - a +1 shortbow
 b - a +0 short sword (weapon)
Missiles
 d - 72 arrows
Armour
 c - a +0 leather armour (worn)
Jewellery
 i - a +4 amulet of reflection {unknown}
 j - an uncursed amulet of regeneration {unknown}
 o - a +5 amulet of reflection {unknown}
Scrolls
 g - a scroll of identify {unknown}
 k - a scroll of magic mapping {unknown}
 m - a scroll of teleportation {unknown}
Potions
 e - a potion of ambrosia {unknown}
 h - 2 potions of curing {unknown}
 l - a potion of experience {unknown}
 n - a potion of cancellation {unknown}
 p - 2 potions of magic {unknown}
Comestibles
 f - 4 rations


   Skills:
 + Level 3.4 Fighting
 + Level 6.5 Bows
 - Level 1.3 Dodging
 - Level 0.4 Stealth


You had 3 spell levels left.
You didn't know any spells.

Dungeon Overview and Level Annotations

Branches:
Dungeon (3/15)

Altars:
Kikubaaqudgha
Sif Muna


Innate Abilities, Weirdness & Mutations

You have hooves in place of feet.
Armour fits poorly on your strangely shaped body.
You cover ground very quickly.
You have extremely tough skin. (AC +3)


Message History

The puff of flame misses you.
You barely miss something.
You hear some strange, mumbled words.
A puff of flame appears from out of thin air!
The puff of flame misses you.
You hit something. Your kick misses something. Something hits you.
Something hits you but does no damage.
You closely miss something. Something hits you but does no damage.
Something hits you.
You completely miss something. Something hits you but does no damage.
You barely miss something. Something hits you.
* * * LOW HITPOINT WARNING * * *
Something hits you.
* * * LOW HITPOINT WARNING * * *
You hit something. You kick something. You barely miss something.
Something completely misses you.
You hear some strange, mumbled words.
A puff of flame appears from out of thin air!
The puff of flame hits you!
You die...

### #.######
#.......
###########.######
#.........#.# #
#@#######.#.######
#{#.......#.......
#o#...#####.......
#.#...............
#.#.#.#####......รท
#.#.#.# #.......
#.#.#.# ##......
..#.... #......
....# #......


You could see an orc.

Vanquished Creatures
  An adder (D:2)
  An ooze (D:2)
  A worm (D:3)
  2 leopard geckos (D:1)
  7 orcs (D:3)
  3 bats (D:2)
  2 giant cockroaches (D:2)
  5 goblins
  9 hobgoblins
  6 kobolds
  2 quokkas (D:2)
  5 frilled lizards
  6 rats
50 creatures vanquished.

Notes
Turn   | Place    | Note
-------+----------+-------------------------------------------
     0 | D:1      | Faca the Centaur Hunter began the quest for the Orb.
     0 | D:1      | Reached XP level 1. HP: 17/17 MP: 1/1
   529 | D:1      | Reached XP level 2. HP: 21/25 MP: 2/2
  1404 | D:2      | Reached skill level 6 in Bows
  1492 | D:2      | Reached XP level 3. HP: 30/30 MP: 3/3
  1876 | D:2      | Found an ancient bone altar of Kikubaaqudgha.
  2226 | D:2      | Found a deep blue altar of Sif Muna.
  2560 | D:3      | Reached XP level 4. HP: 4/38 MP: 4/4
  2933 | D:3      | Killed from afar by an orc wizard

Skill      XL: |  1  2  3 |
---------------+----------+-----
Bows           | 6 |  6.5
Fighting       | 3 |  3.4
Dodging        | |  1.3
Stealth        | |  0.4

Action                   |  1- 3 |  4- 6 || total
-------------------------+-------+-------++-------
Melee: Short sword       |   157 |    27 ||   184
       Kick              |    32 |     5 ||    37
 Fire: Shortbow          |     2 |     1 ||     3
  Eat: Ration            |     1 |     1 ||     2
       Chunk             |     1 |       ||     1
Armor: Leather armour    |    56 |     9 ||    65
Dodge: Dodged            |    66 |     3 ||    69
